 Dungeon Crawl Stone Soup version 0.30.0-10-gfe55d96785 (webtiles) character file.

Game seed: 13192020922381211393

769 KamiKatze the Cutter (level 7, -1/37 HPs)
             Began as a Vine Stalker Fighter on May 16, 2023.
             Slain by Duvessa
             ... wielding a +0 rapier
              (8 damage)
             ... on level 4 of the Dungeon.
             The game lasted 00:08:56 (2895 turns).

KamiKatze the Cutter (Vine Stalker Fighter)         Turns: 2895, Time: 00:08:56

Health: -1/37      AC: 12    Str: 19    XL:     7   Next: 82%
Magic:  0/8        EV: 10    Int:  8    God:
Gold:   142        SH:  5    Dex: 15    Spells: 6/6 levels left

rFire   . . .        a - +0 rapier
rCold   . . .        c - +0 buckler
rNeg    . . .        b - +0 scale mail
rPois   .            (no helmet)
rElec   .            f - +0 cloak
rCorr   .            (no gloves)
SInv    .            (no boots)
Will    .....        (no amulet) Stlth
                     t - +4 ring of protection
HPRegen 1.06/turn    (no ring)
MPRegen 0.11/turn

%: guardian spirit
@: no status effects
A: fangs 2, regeneration 1, magic shield, antimagic bite, no potion heal 2
a: no special abilities


You were on level 4 of the Dungeon.
You visited 2 branches of the dungeon, and saw 5 of its levels.

You collected 142 gold pieces.

Inventory:

Hand Weapons
 a - a +0 rapier (weapon)
 n - a +0 vampiric long sword
Missiles
 l - 6 poisoned darts (quivered)
Armour
 b - a +0 scale mail (worn)
 c - a +0 buckler (worn)
 f - a +0 cloak (worn)
 v - the +2 leather armour of Servitude {+Blink Fly Dex-3 SInv}
   (You found it on level 4 of the Dungeon)

   Dex:       It affects your dexterity (-3).
   SInv:      It lets you see invisible.
   Fly:       It grants you flight.
   +Blink:    It lets you blink.
Jewellery
 t - a +4 ring of protection (left hand)
Scrolls
 k - 2 scrolls of fear
 m - a scroll of summoning {unknown}
 o - a scroll of vulnerability
 q - a scroll of fog {unknown}
 u - a scroll of enchant weapon {unknown}
Potions
 d - a potion of might
 e - a potion of ambrosia
 g - 4 potions of curing {unknown}
 h - a potion of flight {unknown}
 j - a potion of degeneration {unknown}
 p - a potion of mutation {unknown}
 r - a potion of attraction {unknown}
 s - a potion of lignification {unknown}
 w - a potion of haste {unknown}


   Skills:
 + Level 3.8 Fighting
 * Level 4.3 Short Blades
 - Level 2.0 Throwing
 + Level 3.4 Armour
 + Level 2.2 Dodging
 - Level 4.0 Shields
 - Level 2.0 Evocations


You had 6 spell levels left.
You didn't know any spells.
Your spell library was empty.

Dungeon Overview and Level Annotations

Branches:
Dungeon (4/15)             Temple (1/1) D:4

Altars:
Ashenzari
Cheibriados
Dithmenos
Fedhas
Gozag
Hepliaklqana
Makhleb
Okawaru
Qazlal
Ru
Sif Muna
Trog
Wu Jian
The Shining One

Shops:
D:4 *

Annotations:
D:3 2 transporters, ripuliukko's ghost, amateur DEEE
D:4 Duvessa


Innate Abilities, Weirdness & Mutations

You have extremely sharp teeth.
Your natural rate of healing is unusually fast.
When hurt, damage is shared between your health and your magic reserves.
Your bite disrupts and absorbs the magic of your enemies.
Potions cannot restore your health.


Message History

You are too injured to fight recklessly!
You hit Duvessa but do no damage. You bite Duvessa! You drain her power.
You feel invigorated.
Duvessa is lightly wounded.
You block Duvessa's attack.
You barely miss Duvessa. You bite Duvessa. You drain her power.
Duvessa is lightly wounded.
Duvessa hits you but does no damage. Duvessa closely misses you.
You hit Duvessa. You bite Duvessa. You drain her power.
Duvessa is moderately wounded.
Duvessa hits you with a +0 rapier.
You hit Duvessa. You bite Duvessa. You drain her power.
Duvessa is moderately wounded.
Duvessa hits you with a +0 rapier. x2
* * * LOW HITPOINT WARNING * * *
You hit Duvessa but do no damage. You bite Duvessa. You drain her power.
You feel invigorated.
Duvessa is moderately wounded.
Duvessa hits you with a +0 rapier.
You closely miss Duvessa. You bite Duvessa, but do no damage.
Duvessa is moderately wounded.
Duvessa closely misses you. Duvessa hits you with a +0 rapier.
* * * LOW HITPOINT WARNING * * *
You hit Duvessa. Your bite misses Duvessa.
Duvessa is moderately wounded.
You block Duvessa's attack.
You hit Duvessa.
Duvessa is heavily wounded.
Duvessa hits you with a +0 rapier.
* * * LOW HITPOINT WARNING * * *
Duvessa hits you with a +0 rapier!
* * * LOW HITPOINT WARNING * * *
You hit Duvessa. You bite Duvessa, but do no damage.
Duvessa is heavily wounded.
Duvessa hits you with a +0 rapier.
* * * LOW HITPOINT WARNING * * *
You hit Duvessa.
Duvessa is heavily wounded.
Duvessa hits you with a +0 rapier!
You die...

#...# #...# #...#
## #...## ..
#....# .# .he..
##...## .# ..h.
##...# .# ...
###...###.# ##..#
#.#....@e.# #...
##.....#### ##..#
##.....# #...#
###...## ##..# #
###..## #...## #
##..#####....#####
##..##...........
##.....##....#..
##.......##.#..


You could see Duvessa (berserk).

Vanquished Creatures
  Grinder (D:4)
  Menkaure (D:4)
  2 ogres (D:4)
  A scorpion (D:4)
  A hound (D:4)
  Natasha (twice) (D:2)
  5 adders
  A worm (D:4)
  4 dart slugs
  6 orcs (D:3)
  11 ball pythons
  8 endoplasms
  3 giant cockroaches
  8 hobgoblins
  4 kobolds
  2 quokkas
  3 bats
  3 frilled lizards
  7 goblins
  2 rats (D:2)
75 creatures vanquished.

Vanquished Creatures (others)
  Dowan (D:4)
1 creature vanquished.

Grand Total: 76 creatures vanquished

Notes
Turn   | Place    | Note
-------+----------+-------------------------------------------
     0 | D:1      | KamiKatze the Vine Stalker Fighter began the quest for the
                  | Orb.
     0 | D:1      | Reached XP level 1. HP: 11/11 MP: 2/2
   326 | D:1      | Reached XP level 2. HP: 16/16 MP: 3/3
   888 | D:2      | Reached XP level 3. HP: 18/19 MP: 2/4
  1138 | D:2      | Found a faded altar of an unknown god.
  1178 | D:2      | Noticed Natasha
  1187 | D:2      | Killed Natasha
  1188 | D:2      | Gained mutation: Your natural rate of healing is unusually
                  | fast. [Vine Stalker growth]
  1188 | D:2      | Reached XP level 4. HP: 12/24 MP: 2/5
  1544 | D:2      | Noticed Natasha
  1555 | D:2      | Killed Natasha
  1698 | D:3      | Reached XP level 5. HP: 28/28 MP: 6/6
  1754 | D:3      | Reached skill level 1 in Evocations
  1824 | D:3      | Reached skill level 1 in Dodging
  1864 | D:3      | Found a transporter.
  1868 | D:3      | Noticed ripuliukko's ghost (amateur DEEE)
  1870 | D:3      | Found a transporter.
  2056 | D:4      | Reached skill level 1 in Throwing
  2166 | D:4      | Reached XP level 6. HP: 32/32 MP: 7/7
  2169 | D:4      | Identified the +2 leather armour of Servitude {+Blink Fly
                  | Dex-3 SInv}
  2179 | D:4      | Found a staircase to the Ecumenical Temple.
  2182 | D:4      | Noticed Grinder
  2183 | D:4      | Paralysed by Grinder for 3 turns
  2205 | D:4      | Killed Grinder
  2206 | D:4      | Reached XP level 7. HP: 19/36 MP: 8/8
  2210 | Temple   | Entered the Ecumenical Temple
  2509 | D:4      | Noticed Dowan
  2510 | D:4      | Noticed Duvessa
  2588 | D:4      | Found Qeitax's Gadget Gallery.
  2622 | D:4      | Killed Dowan
  2640 | D:4      | Found a bloodstained altar of Trog.
  2662 | D:4      | Noticed Menkaure
  2675 | D:4      | Killed Menkaure
  2895 | D:4      | Slain by Duvessa

Illustrated notes

Levels and vault maps discovered:
D:1:      evilmike_arrival_rings, layout_loops_ring, minmay_tromino_v4_c
D:2:      layout_basic, dreamdust_ecumenical_altar_angels_and_demons,
          st_stairs_5, fountainhead, uniq_natasha
D:3:      layout_rooms, gammafunk_ghost_mausoleum
D:4:      layout_cave_pods, lemuel_doored_altar, xom_confusion_cloud,
          minmay_temple_entry_ruins, serial_shops, kennysheep_little_box,
          kennysheep_flooded_box, serial_park_tiny_2, nicolae_shop_gadgets,
          uniq_duvessa, uniq_menkaure, uniq_grinder
Temple:   nicolae_temple_bog_church

Skill      XL: |  1  2  3  4  5  6  7 |
---------------+----------------------+-----
Short Blades   | 2 3 4 |  4.3
Shields        | 3 4 |  4.0
Fighting       | 3 |  3.8
Evocations     | 1 2 |  2.0
Dodging        | 1 2 |  2.2
Throwing       | 1 2 |  2.0
Armour         | 3 |  3.4

Action                     |  1- 3 |  4- 6 |  7- 9 || total
---------------------------+-------+-------+-------++-------
  Melee: Rapier            |    93 |   131 |    74 ||   298
         Bite              |    23 |    34 |    27 ||    84
    Use: Scroll            |       |       |     3 ||     3
 Armour: Scale mail        |    31 |    71 |    10 ||   112
  Dodge: Dodged            |    37 |    67 |    20 ||   124
  Block: Buckler           |    15 |    24 |    11 ||    50
